AoeStats
← NPG | Shimishi Maki

MegaRandom

508745925Analyzed
4v4 RM · 8d ago on Sep 23, 2026· 22m 36s· 8 players
Game mode
Random Map
Map size
Large (8 player)
Population
200
Speed
Normal
Resources
Standard
Victory
Conquest
Starting age
Dark Age
Ending age
Imperial Age
RankedLock teamsTeams togetherTeam positionsShared explorationLock speedFull tech treeHidden civsTurbo modeCheats
Victory
Defeat
🇦🇷 Vietnamese · Argentina
1713
+9
🇻🇳 Poles · Vietnam
1667
+11
🇨🇦 Lithuanians · Canada
1642
+12
🇦🇷 Mongols · Argentina
1562
+15
🇨🇱 Slavs · Chile
1685
-16
🇦🇷 Varangians · Argentina
1574
-13
🇦🇷 Teutons · Argentina
1528
-11
🇦🇷 Magyars · Argentina
1412
-7
[Gaucho]Batata
7:41 Loom
10:06 Feudal Age
10:59 Double-Bit Axe
18:14 Castle Age
17:03 Fletching
19:33 Wheelbarrow
19:27 Bodkin Arrow
19:15 Fishing Lines
19:48 Bow Saw
20:37 Horse Collar
ノルフ
8:15 Loom
10:54 Feudal Age
15:27 Castle Age
13:17 Double-Bit Axe
14:34 Scale Barding Armor
14:14 Horse Collar
16:44 Bow Saw
khungbo
10:15 Feudal Age
10:56 Double-Bit Axe
12:06 Horse Collar
13:07 Fishing Lines
18:17 Castle Age
17:10 Stone Mining
19:13 Medium Warships
21:24 Loom
[Gaucho]El_Guille
6:10 Loom
8:12 Feudal Age
9:55 Double-Bit Axe
18:28 Castle Age
17:10 Forging
17:57 Bloodlines
19:33 Bow Saw
19:17 Light Cavalry
20:28 Horse Collar
22:11 Fishing Lines
Pipo
8:22 Loom
10:21 Feudal Age
15:22 Castle Age
13:47 Double-Bit Axe
14:35 Fletching
16:12 Bodkin Arrow
17:56 Gold Mining
URU | Deo
10:34 Feudal Age
11:28 Loom
14:36 Castle Age
12:46 Double-Bit Axe
16:51 Bow Saw
18:11 Fletching
19:03 Bodkin Arrow
20:39 Medium Warships
VOY TEUTONES VOY
8:51 Loom
11:15 Feudal Age
14:57 Castle Age
13:47 Double-Bit Axe
17:29 Bow Saw
21:05 Horse Collar
NPG | Shimishi Maki
7:08 Loom
12:52 Feudal Age
14:25 Double-Bit Axe
15:14 Forging
15:09 Fishing Lines
Connection lost

Rejoining the realm…

Still unreachable

The connection could not be restored.

Session expired

The server has moved on; the page needs a fresh start.